 Dungeon Crawl Stone Soup version 0.17-a0-1583-g2df49ec (webtiles) character file.

85588 patman the Basher (level 15, -10/84 HPs)
             Began as a Vine Stalker Gladiator on July 28, 2015.
             Was the Champion of Makhleb.
             Killed from afar by Sonja (16 damage)
             ... with a wand of lightning
             ... on level 13 of the Dungeon.
             The game lasted 01:10:15 (23002 turns).

patman the Basher (Vine Stalker Gladiator)         Turns: 23002, Time: 01:10:15

Health: -10/84     AC: 31    Str: 21    XL:     15   Next: 84%
Magic:  0/25       EV: 10    Int:  8    God:    Makhleb [******]
Gold:   35         SH:  0    Dex: 20    Spells: 2 memorised, 10 levels left

rFire  + . .     SeeInvis +     a - +6 dire flail (freeze)
rCold  . . .     Clarity  +     k - +3 chain mail {rF+}
rNeg   . . .     SustAt   .     (no shield)
rPois  .         Gourm    .     w - +2 helmet
rElec  .         Spirit   +     m - +2 cloak
rCorr  .         Warding  .     F - +2 pair of gloves
rMut   .         Stasis   .     c - +2 pair of boots
MR     +....                    t - amulet of clarity
Stlth  ..........               q - +3 ring of protection
                                D - ring of see invisible

@: lethally poisoned (-10 -> -13), slowed, heavily drained, very slow, somewhat
resistant to hostile enchantments, extremely unstealthy
A: fangs 3, repulsion field 1, agile 1, regeneration 3, magic shield, antimagic
bite, no device heal 3, rot immunity
a: Minor Destruction, Lesser Servant of Makhleb, Major Destruction, Greater
Servant of Makhleb, Renounce Religion


You were on level 13 of the Dungeon.
You worshipped Makhleb.
Makhleb was exalted by your worship.
You were very hungry.

You visited 3 branches of the dungeon, and saw 25 of its levels.
You also visited: Bailey and Volcano.

You collected 3487 gold pieces.
You spent 3452 gold pieces at shops.

Inventory:

Hand weapons
 a - a +6 dire flail of freezing (weapon)
 x - a +0 dire flail of protection
Missiles
 d - 5 throwing nets
 R - 4 javelins (quivered)
Armour
 c - a +2 pair of boots (worn)
 k - a +3 chain mail of fire resistance (worn)
 m - a +2 cloak (worn)
 w - a +2 helmet (worn)
 F - a +2 pair of gloves (worn)
Rods
 b - a +4 rod of clouds (12/12)
   (You bought it in a shop on level 4 of the Orcish Mines)
Jewellery
 i - an uncursed ring of positive energy
 p - the ring of Divine Compulsion {rC+ Dex+2}
   (You found it on level 4 of the Lair of Beasts)

   [ring of protection from cold]

   It affects your dexterity (+2).
   It protects you from cold.
 q - a +3 ring of protection (right hand)
 t - an amulet of clarity (around neck)
 A - an uncursed ring of protection from magic
 D - a ring of see invisible (left hand)
 M - an uncursed ring of flight
 W - an uncursed amulet of rage
 X - an uncursed ring of protection from fire
 Y - an uncursed ring of stealth
Magical devices
 n - a wand of cold (7)
 y - a wand of draining (4)
 H - a wand of hasting (6)
 K - a wand of paralysis (18)
Scrolls
 j - 9 scrolls of teleportation
 r - 7 scrolls of remove curse
 u - 7 scrolls of magic mapping
 v - a scroll of enchant armour
 E - a scroll of fear
 J - 3 scrolls of blinking
 S - 4 scrolls of recharging
Potions
 h - 2 potions of resistance
 s - a potion of cure mutation
 C - 5 potions of haste
 G - 3 potions of agility
 I - 6 potions of curing
 L - a potion of cancellation
 O - 3 potions of flight
 P - 6 potions of might
 T - a potion of invisibility
 U - 5 potions of brilliance
 V - 2 potions of magic
 Z - a potion of berserk rage
Miscellaneous
 o - a phantom mirror
 N - a fan of gales
Comestibles
 e - 14 bread rations
 f - 22 fruits
 l - 3 meat rations


   Skills:
 * Level 12.0(9.7) Fighting
 - Level 14.0(11.5) Maces & Flails
 - Level 1.7(0.0) Throwing
 * Level 12.7(10.4) Armour
 - Level 2.4(0.6) Dodging
 - Level 12.0(9.7) Invocations


You had 10 spell levels left.
You knew the following spells:

 Your Spells              Type           Power        Failure   Level  Hunger
a - Blink                 Tloc           N/A          100%        2    ###....
b - Repel Missiles        Chrm/Air       #.....       100%        2    ###....


Dungeon Overview and Level Annotations

Branches:
Dungeon (13/15)            Temple (0/1) D:7            Lair (8/8) D:9
 Shoals (0/4) Lair:6        Snake (0/4) Lair:4        Slime (0/6) Lair:7
    Orc (4/4) D:9             Elf (0/3) Orc:3
 Vaults: D:13-14

Altars:
Elyvilon
Fedhas
Makhleb
Nemelex Xobeh
Qazlal
Vehumet
Xom
Yredelemnul
The Shining One
Beogh
Jiyva

Shops:
D:4 =   D:5 %   D:6 %   D:9 *   Orc:1 !}   Orc:3 (?*   Orc:4 [%}%[

Portals:
Pandemonium: Orc:4

Annotations:
D:13 Sonja


Innate Abilities, Weirdness & Mutations

You have razor-sharp teeth.
You regenerate.
When hurt, damage is shared between your health and your magic reserves.
Your bite disrupts and absorbs the magic of your enemies.
Potions and wands cannot restore your health.
You are immune to rotting.
You are surrounded by a mild repulsion field (EV +2).
You are agile. (Dex +2)


Message History

You feel very sick.
Sonja zaps a wand.
The bolt of lightning hits you!
* * * LOW HITPOINT WARNING * * *
Sonja zaps a wand.
The bolt of lightning hits you!
* * * LOW HITPOINT WARNING * * *
Unknown command.
You feel very sick.
Sonja shoots a curare-tipped needle.
The curare-tipped needle completely misses you.
Sonja gestures wildly while chanting.
Sonja blinks!
Unknown command.
You feel sick.
You see here a shapeshifter corpse.
Drink which item? (? for menu, Esc to quit)
Okay, then.
Unknown command.
You feel very sick.
Sonja zaps a wand.
The bolt of lightning hits you!
You die...

...###.. #.# .....
..# #K?######.#
#.(.#.....#
##(.......#
#.#......#
##.#..)..##
#..#......#
#.@†.(...(#
#..###>[..## #....
#....# .......
#......#
##...!.............#
#......(..#####.....
.......... #####
.###....## ..#


You could see Sonja.

Vanquished Creatures
  Maud (Lair:4)
  The ghost of karlkraus the Blocker, a powerful MiFi of Qazlal (Orc:4)
  Snorg (D:9)
  4 hydras
  3 catoblepae (Lair:8)
  7 orc high priests (Orc:4)
  12 death yaks
  A soul eater (Orc:4)
  A fire crab (Lair:7)
  An unseen horror (D:11)
  A gelid demonspawn (Orc:4)
  An infernal demonspawn (Orc:4)
  3 hill giants
  An oklob plant (Lair:5)
  5 orc knights
  An orb spider (shapeshifter) (D:13)
  2 griffons
  2 slime creatures (D:12)
  4 orc sorcerers (Orc:4)
  2 cyclopes (D:11)
  6 black mambas
  16 elephants
  3 toenail golems (Volcano)
  Joseph (D:10)
  A gargoyle (D:12)
  An orange demon (Orc:4)
  A centaur skeleton (D:11)
  13 spiny frogs
  7 komodo dragons
  A rust devil (Orc:4)
  A fire drake (Lair:6)
  2 two-headed ogres
  A red devil (Orc:4)
  6 polar bears
  2 trolls
  31 blink frogs
  A wyvern (D:9)
  A shadow (D:11)
  6 basilisks
  A fire bat (Lair:8)
  40 yaks
  A wraith (D:12)
  6 humans (Volcano)
  A hungry ghost (D:12)
  3 deep elf magi
  21 wolves
  4 nagas (Lair:4)
  13 hippogriffs
  A mottled dragon (D:11)
  Edmund (D:4)
  32 orc warriors
  8 swamp worms (Lair:3)
  A warg (Orc:1)
  A soldier ant (D:12)
  15 water moccasins
  2 black bears
  3 ice beasts
  4 porcupines
  A sky beast (D:5)
  12 ogres
  A phantom (D:11)
  7 centaurs
  10 crocodiles
  2 big kobolds
  A brain worm (Lair:3)
  16 giant frogs
  A wyvern zombie (D:10)
  A wyvern skeleton (D:7)
  4 scorpions
  15 killer bees
  13 wights
  2 crimson imps
  3 giant frog zombies
  25 orc wizards
  2 electric eels
  2 centaur zombies
  2 quasits
  5 hounds
  A gnoll shaman (D:4)
  3 jellies
  37 orc priests
  5 giant frog skeletons
  12 iguanas
  33 sheep
  9 worker ants
  2 killer bee zombies
  A hound skeleton (D:9)
  A worker ant zombie (D:9)
  Robin (D:3)
  6 gnolls
  4 shadow imps
  8 adders
  60 river rats
  An ooze (D:5)
  12 worms
  5 giant geckos
  154 orcs
  2 ball pythons (D:4)
  15 bats
  3 bat zombies
  8 giant cockroaches
  24 goblins
  24 hobgoblins
  39 kobolds
  5 quokkas
  A giant cockroach zombie (D:5)
  3 giant newts
  2 gnoll zombies (D:8)
  6 jackals
  A jackal skeleton (D:5)
  A quokka skeleton (D:4)
  12 rats
  3 plants
942 creatures vanquished.

Vanquished Creatures (collateral kills)
  Nergalle (D:10)
  A torturous demonspawn (Orc:4)
  A hill giant (D:10)
  3 elephants (Lair:8)
  2 spiny frogs (Lair:8)
  3 blink frogs (Lair:8)
  2 fire bats (Lair:8)
  A water moccasin (Lair:8)
  A hound (D:10)
  An orc priest (D:10)
  2 orcs (D:10)
18 creatures vanquished.

Vanquished Creatures (others)
  5 fungi
  6 plants
11 creatures vanquished.

Grand Total: 971 creatures vanquished

Notes
Turn   | Place    | Note
--------------------------------------------------------------
     0 | D:1      | patman the Vine Stalker Gladiator began the quest for the Orb.
     0 | D:1      | Reached XP level 1. HP: 11/11 MP: 2/2
   114 | D:1      | Reached skill level 3 in Maces & Flails
   135 | D:1      | Reached XP level 2. HP: 15/15 MP: 3/3
   849 | D:2      | Reached XP level 3. HP: 9/18 MP: 2/4
   957 | D:2      | Found a glowing golden altar of the Shining One.
  1000 | D:2      | Reached skill level 4 in Maces & Flails
  1073 | D:2      | Found a sparkling altar of Nemelex Xobeh.
  1106 | D:2      | Found a stormy altar of Qazlal.
  1545 | D:3      | Reached XP level 4. HP: 23/23 MP: 5/5
  1784 | D:3      | Reached skill level 5 in Maces & Flails
  1792 | D:3      | Reached XP level 5. HP: 22/26 MP: 6/6
  1820 | D:3      | Noticed Robin
  1884 | D:3      | Killed Robin
  2513 | D:4      | Found Boikhyox's Jewellery Boutique.
  2573 | D:4      | You fall through a shaft!
  2573 | D:5      | Entered Level 5 of the Dungeon
  2666 | D:4      | Reached skill level 6 in Maces & Flails
  2666 | D:4      | Gained mutation: You heal very quickly. [Vine Stalker growth]
  2666 | D:4      | Reached XP level 6. HP: 9/30 MP: 2/7
  2948 | D:4      | Found a shimmering altar of Xom.
  2948 | D:4      | Found a radiant altar of Vehumet.
  2949 | D:4      | Found a sparkling altar of Nemelex Xobeh.
  3091 | D:4      | Noticed Edmund
  3108 | D:4      | Killed Edmund
  3108 | D:4      | Reached skill level 7 in Maces & Flails
  3108 | D:4      | Reached XP level 7. HP: 34/34 MP: 8/8
  3232 | D:4      | Found a blossoming altar of Fedhas.
  3424 | D:5      | Noticed an ogre
  3432 | D:5      | Killed an ogre
  3697 | D:5      | Found a burning altar of Makhleb.
  3710 | D:5      | Became a worshipper of Makhleb the Destroyer
  3814 | D:5      | Noticed a sky beast
  3822 | D:5      | Killed a sky beast
  3822 | D:5      | Reached skill level 8 in Maces & Flails
  4070 | D:5      | Found Poureurgh's Food Shop.
  4138 | D:5      | Gained mutation: You have razor-sharp teeth. [Vine Stalker growth]
  4138 | D:5      | Reached XP level 8. HP: 27/38 MP: 9/9
  4193 | D:5      | Acquired Makhleb's first power
  4675 | D:6      | Reached skill level 9 in Maces & Flails
  4932 | D:6      | Acquired Makhleb's second power
  4984 | D:6      | Found Ydaun's Food Shoppe.
  5010 | D:6      | Reached skill level 10 in Maces & Flails
  5605 | D:7      | Reached XP level 9. HP: 42/42 MP: 10/10
  5699 | D:7      | Found a flagged portal.
  5706 | D:7      | Got a twisted hand axe
  5709 | Bailey   | Entered a bailey
  5716 | Bailey   | Noticed an orc knight
  5814 | Bailey   | Acquired Makhleb's third power
  5948 | Bailey   | Reached skill level 11 in Maces & Flails
  6045 | Bailey   | Killed an orc knight
  6146 | D:7      | Reached skill level 12 in Maces & Flails
  6474 | D:7      | Found a staircase to the Ecumenical Temple.
  6637 | D:8      | Acquired Makhleb's fourth power
  6665 | D:8      | Reached XP level 10. HP: 42/46 MP: 9/11
  6832 | D:8      | Found a basalt altar of Yredelemnul.
  6936 | D:8      | Reached skill level 1 in Invocations
  7302 | D:9      | Found a staircase to the Orcish Mines.
  7388 | D:9      | Acquired Makhleb's fifth power
  7456 | D:9      | Reached skill level 5 in Invocations
  7475 | D:9      | Found a white marble altar of Elyvilon.
  7665 | D:9      | Found a staircase to the Lair.
  8087 | D:9      | Found Xazxen Nohae's General Store.
  8093 | D:9      | Bought a scroll of identify for 26 gold pieces
  8093 | D:9      | Bought a scroll of teleportation for 39 gold pieces
  8093 | D:9      | Bought an uncursed ring of protection from magic for 325 gold pieces
  8271 | D:10     | Entered Level 10 of the Dungeon
  8462 | D:10     | Reached XP level 11. HP: 50/50 MP: 14/18
  8582 | D:10     | Noticed Nergalle
  8583 | D:10     | Noticed a hill giant
  8590 | D:10     | Killed a hill giant
  8614 | D:10     | Noticed a spectral orc warlord
  8615 | D:10     | Killed Nergalle
  9053 | D:10     | Noticed Joseph
  9064 | D:10     | Killed Joseph
  9265 | D:11     | Noticed a hill giant
  9274 | D:11     | Killed a hill giant
  9274 | D:11     | Reached skill level 10 in Invocations
  9312 | D:11     | Noticed a hill giant
  9320 | D:11     | Killed a hill giant
  9468 | D:11     | Noticed an unseen horror
  9472 | D:11     | Killed an unseen horror
  9714 | D:11     | Reached skill level 13 in Maces & Flails
  9835 | D:11     | Gained mutation: You regenerate. [Vine Stalker growth]
  9835 | D:11     | Reached XP level 12. HP: 54/54 MP: 22/22
 11207 | D:12     | Reached skill level 14 in Maces & Flails
 11415 | D:12     | Reached skill level 1 in Armour
 11628 | Lair:1   | Entered Level 1 of the Lair of Beasts
 12470 | Lair:2   | Reached skill level 5 in Armour
 13492 | Lair:3   | Reached XP level 13. HP: 58/58 MP: 23/23
 14269 | Lair:4   | Found a staircase to the Snake Pit.
 14597 | Lair:4   | Noticed Maud
 14609 | Lair:4   | Killed Maud
 14875 | Lair:4   | Reached skill level 5 in Fighting
 15029 | Lair:4   | Got a transparent platinum ring
 15030 | Lair:4   | Identified the ring of Divine Compulsion {rC+ Dex+2} (You found it on level 4 of the Lair of Beasts)
 16458 | Lair:6   | Reached XP level 14. HP: 62/72 MP: 24/24
 16817 | Lair:6   | Found a staircase to the Shoals.
 16948 | Lair:6   | Reached skill level 10 in Armour
 17685 | Lair:7   | Found a viscous altar of Jiyva.
 17686 | Lair:7   | Found a staircase to the Slime Pits.
 17918 | Lair:8   | Entered Level 8 of the Lair of Beasts
 18054 | Lair:8   | Reached skill level 10 in Fighting
 18058 | Lair:8   | Found a dark tunnel.
 18068 | Volcano  | Entered a volcano
 18242 | Volcano  | Got a crystal spear
 18423 | Lair:8   | Reached XP level 15. HP: 61/80 MP: 25/25
 18917 | Lair:8   | Learned a level 2 spell: Blink
 18920 | Lair:8   | Learned a level 2 spell: Repel Missiles
 19627 | Orc:1    | Entered Level 1 of the Orcish Mines
 19635 | Orc:1    | Noticed Snorg
 19659 | D:9      | Killed Snorg
 19726 | Orc:1    | Found Uheamuedu's Distillery.
 19733 | Orc:1    | Bought a potion of berserk rage for 50 gold pieces
 19733 | Orc:1    | Bought 2 potions of haste for 200 gold pieces
 19733 | Orc:1    | Bought a potion of might for 40 gold pieces
 19733 | Orc:1    | Bought a potion of might for 40 gold pieces
 19930 | Orc:1    | Found Kutsorch's Quality Used Wands.
 19966 | Orc:1    | Bought a wand of hasting (0) for 360 gold pieces
 20588 | Orc:2    | Found a roughly hewn altar of Beogh.
 20863 | Orc:3    | Found a staircase to the Elven Halls.
 20867 | Orc:3    | Found Zuxujuciy's Weapon Shoppe.
 20895 | Orc:3    | Found Uraweog's Magic Scroll Boutique.
 20951 | Orc:3    | Bought a scroll of blinking for 97 gold pieces
 20951 | Orc:3    | Bought a scroll of blinking for 97 gold pieces
 20951 | Orc:3    | Bought a scroll of enchant armour for 97 gold pieces
 20951 | Orc:3    | Bought a scroll of identify for 26 gold pieces
 20956 | Orc:3    | Gained mutation: You are agile. (Dex +2) [potion of beneficial mutation]
 20957 | Orc:3    | Gained mutation: You are surrounded by a mild repulsion field (EV +2). [potion of beneficial mutation]
 20958 | Orc:3    | Bought a scroll of identify for 26 gold pieces
 21039 | Orc:3    | Found Ewurhuj's General Store.
 21043 | Orc:3    | Found a roughly hewn altar of Beogh.
 21047 | Orc:3    | Bought a scroll of enchant armour for 120 gold pieces
 21047 | Orc:3    | Bought a scroll of blinking for 120 gold pieces
 21047 | Orc:3    | Bought a scroll of recharging for 152 gold pieces
 21547 | Orc:4    | Entered Level 4 of the Orcish Mines
 21557 | Orc:4    | Found a roughly hewn altar of Beogh.
 21819 | Orc:4    | Found Puguil's Antique Armour Shop.
 21895 | Orc:4    | Noticed karlkraus's ghost (powerful MiFi)
 21912 | Orc:4    | Killed karlkraus's ghost
 21986 | Orc:4    | Found Lusuco Duoza's Food Shop.
 21998 | Orc:4    | Found Qoinet's Food Boutique.
 22440 | Orc:4    | Paralysed by an orc sorcerer for 5 turns
 22514 | Orc:4    | Found Uffumes's Gadget Shoppe.
 22514 | Orc:4    | Found Zaginepn's Antique Armour Emporium.
 22514 | Orc:4    | Found a one-way gate leading to the halls of Pandemonium.
 22521 | Orc:4    | Bought a runed helmet for 85 gold pieces
 22544 | Orc:4    | Bought a +4 rod of clouds (12/12) for 1552 gold pieces
 22992 | D:13     | Noticed Sonja
 23002 | D:13     | Killed from afar by Sonja

Vault maps used:
D:1:      ncdulo_wetmaze, minmay_misc_feat_alley, kennysheep_boxes
D:2:      grunt_qazlal_clouds, tso_metal_star, minmay_door_square,
          nemelex_diamond_rough_becter
D:3:      uniq_robin
D:4:      fedhas_altar_fruit_tree, gammafunk_temple_overflow_claw, first_bread,
          serial_shops, shop_coins, uniq_edmund
D:5:      basic_altar, serial_shops, shop
D:6:      serial_shops, shop
D:7:      minmay_temple_entry_from_below_a, enter_bailey_2
D:8:      lemuel_zombie_altar_yredelemnul
D:9:      wad_cavern_with_rooms, lair_0_dummy, serial_shops, nicolae_shop_trees,
          grunt_ogre_cave, minivault_14, elyvilon_altar_3
D:10:     kennysheep_potato, uniq_nergalle, uniq_joseph
D:12:     minmay_misc_feat_room, lightli_corner_chamber
D:13:     uniq_erolcha, uniq_sonja, uniq_urug
Lair:2:   grunt_megastairs_4, infiniplex_staircase_pool_2
Lair:3:   worms_lemuel, lemuel_fruit_fields
Lair:4:   minmay_snake_entry_guardpost_small, uniq_maud
Lair:5:   grunt_megastairs_2
Lair:6:   elwin_shoals_entry_rooms, serial_forest,
          infiniplex_forest_clump_double, infiniplex_forest_end_1,
          infiniplex_forest_clump_curved, infiniplex_forest_straight_4,
          infiniplex_forest_lined_3_way, infiniplex_forest_end_2,
          infiniplex_forest_corner_1, infiniplex_forest_lined_1,
          lemuel_fruit_fields, grunt_megastairs_3, infiniplex_staircase_pool
Lair:7:   dpeg_slime_entry_enclosed_altar, cheibrodos_lair_caveside_slide,
          beast_lair_carwin_4
Lair:8:   evilmike_catoblepas_cave, nicolae_volcano_entry_batcave,
          hibernation_bobbens
Orc:1:    serial_shops, shop, nicolae_for_you_no_charge, uniq_snorg
Orc:2:    nicolae_orc_flooded_monolith, nicolae_orc_stony_grotto,
          minmay_orc_temple_a
Orc:3:    basic_altar, serial_shops, shop, shop, shop, nicolae_orc_pool_cavern
Orc:4:    pf_orc_diabolical, serial_shops, nicolae_shop_trees, mines1_david
Bailey:   bailey_axe_4, bailey
Volcano:  volcano_bunker

Action                   |  1- 3 |  4- 6 |  7- 9 | 10-12 | 13-15 || total
-------------------------+-------+-------+-------+-------+-------++-------
Melee: Flail             |    67 |   216 |   416 |   406 |       ||  1105
       Dire flail        |       |       |       |   540 |  1505 ||  2045
Throw: Throwing net      |     2 |       |       |       |       ||     2
       Javelin           |       |       |       |       |     1 ||     1
Invok: Minor Destruction |       |       |    47 |    13 |     5 ||    65
       Major Destruction |       |       |       |     8 |    12 ||    20
       Greater Servant o |       |       |       |     1 |     3 ||     4
 Abil: Evoke Flight      |       |       |     2 |       |       ||     2
Evoke: Wand              |       |       |       |       |     1 ||     1
  Use: Scroll            |     2 |     8 |     7 |    18 |    15 ||    50
       Potion            |       |       |       |       |     4 ||     4
 Stab: Sleeping          |     2 |       |       |       |       ||     2
       Held in net/web   |     1 |       |       |       |       ||     1
  Eat: Chunk             |     1 |     3 |     2 |     3 |     5 ||    14
       Beef jerky        |       |     2 |       |     6 |     3 ||    11
       Royal jelly       |       |       |     1 |     1 |       ||     2
       Meat ration       |       |       |     2 |     2 |     4 ||     8
       Pizza             |       |       |       |       |     2 ||     2
